 Dungeon Crawl Stone Soup version 0.27-a0-1232-gc6a4cbde82 (webtiles) character file.

Game seed: 15881003689426287182

255 mordus the Skirmisher (level 5, 0/54 HPs)
             Began as a Troll Monk on June 8, 2021.
             Succumbed to a scorpion's poison
             ... on level 5 of the Dungeon.
             The game lasted 00:02:55 (1514 turns).

mordus the Skirmisher (Troll Monk)                  Turns: 1514, Time: 00:02:57

Health: 0/54       AC:  4    Str: 19    XL:     5   Next: 91%
Magic:  4/4        EV: 10    Int:  6    God:
Gold:   74         SH:  0    Dex: 13    Spells: 4/4 levels left

rFire    + . .     SeeInvis .     - Unarmed
rCold    + . .     Faith    .   (no shield)
rNeg     + . .     Spirit   .   a - +0 robe
rPois    +         Reflect  .   (helmet restricted)
rElec    +         Harm     .   (no cloak)
rCorr    +         Rampage  .   (gloves unavailable)
Will     .....                  (boots unavailable)
Stlth    ++........             (no amulet)
HPRegen  1.18/turn              g - ring of positive energy
MPRegen  0.09/turn              (no ring)

@: lethally poisoned (0 -> -3), resistant
A: large, unfitting armour, claws 3, regeneration 1, shaggy fur 1, tough skin 1
a: no special abilities


You were on level 5 of the Dungeon.
You visited 1 branch of the dungeon, and saw 4 of its levels.

You collected 74 gold pieces.

Inventory:

Hand Weapons
 c - a +0 club
 f - a +1 whip of venom
Missiles
 d - a throwing net (quivered)
 h - 7 atropa-tipped darts
Armour
 a - a +0 robe (worn)
Jewellery
 g - a ring of positive energy (left claw)
Scrolls
 i - 2 scrolls of enchant armour {unknown}
 j - a scroll of noise {unknown}
 l - a scroll of identify {unknown}
Potions
 e - a potion of lignification {unknown}
 k - a potion of haste {unknown}


   Skills:
 + Level 3.9 Fighting
 * Level 3.2 Maces & Flails
 + Level 2.0 Throwing
 - Level 2.4 Dodging
 - Level 1.0 Stealth
 - Level 3.0 Unarmed Combat


You had 4 spell levels left.
You didn't know any spells.
Your spell library was empty.

Dungeon Overview and Level Annotations

Branches:
Dungeon (3/15)

Altars:


Innate Abilities, Weirdness & Mutations

You are too large for most types of armour.
You have claws for hands.
Your natural rate of healing is unusually fast.
You are covered in fur. (AC +1)
You have tough skin. (AC +1)


Message History

The scorpion completely misses you.
You closely miss the scorpion. The scorpion barely misses you.
The scorpion stings you.
You are poisoned.
The scorpion poisons you!
You scratch the scorpion.
The scorpion is lightly wounded.
You feel very sick. The scorpion stings you.
You claw the scorpion!
The scorpion is severely wounded.
You feel sick. The scorpion stings you.
You are more poisoned.
The scorpion poisons you!
You are too injured to fight recklessly!
You are too injured to fight recklessly!
You are too injured to fight recklessly!
You are too injured to fight recklessly!
You barely miss the scorpion.
The scorpion is severely wounded.
You feel very sick. The scorpion stings you.
You are more poisoned.
The scorpion poisons you!
You scratch the scorpion but do no damage.
The scorpion is severely wounded.
* * * LOW HITPOINT WARNING * * *
You feel very sick. The scorpion closely misses you.
You barely miss the scorpion.
The scorpion is severely wounded.
You feel very sick. The scorpion stings you.
* * * LOW HITPOINT WARNING * * *
Unknown command.
* * * LOW HITPOINT WARNING * * *
You feel very sick.
It was a potion of resistance.
You feel protected.
You die...

..#.(.###..[.
........... ..........
......... ...... ....
#)## #...
########s.####....
#......@.....^..#
..#######.##...##
####>##>###
##....#...##
##......[...##
#............#
#######............#
#..................#
####.#.####..........##


You could see a scorpion.

Vanquished Creatures
  An ogre (D:5)
  A scorpion (D:5)
  A howler monkey zombie (D:5)
  3 adders
  2 worms (D:2)
  A dart slug (D:2)
  3 orcs (D:3)
  5 endoplasms
  3 giant cockroaches
  5 goblins
  8 hobgoblins
  6 kobolds
  5 quokkas
  5 ball pythons
  6 bats
  5 frilled lizards
  3 rats
63 creatures vanquished.

Notes
Turn   | Place    | Note
-------+----------+-------------------------------------------
     0 | D:1      | mordus the Troll Monk began the quest for the Orb.
     0 | D:1      | Reached XP level 1. HP: 22/22 MP: 0/0
    70 | D:1      | Reached XP level 2. HP: 26/31 MP: 1/1
   372 | D:1      | Reached XP level 3. HP: 37/37 MP: 2/2
   619 | D:2      | Reached skill level 1 in Maces & Flails
   863 | D:2      | Reached XP level 4. HP: 45/45 MP: 3/3
   887 | D:2      | Found a faded altar of an unknown god.
  1108 | D:3      | Reached skill level 1 in Throwing
  1433 | D:3      | You fall into a shaft and drop 2 floors!
  1433 | D:5      | Entered Level 5 of the Dungeon
  1462 | D:5      | Noticed a scorpion
  1478 | D:5      | Killed a scorpion
  1479 | D:5      | Reached XP level 5. HP: 34/54 MP: 4/4
  1496 | D:5      | Noticed an ogre
  1503 | D:5      | Killed an ogre
  1513 | D:5      | HP: 1/54 [poisoned by a scorpion]
  1514 | D:5      | Succumbed to a scorpion's poison

Illustrated notes

Levels and vault maps discovered:
D:1:      shiori_arrival_maze, layout_basic
D:2:      layout_rooms, hellmonk_ecumenical_altar_crossroads, kennysheep_nub
D:3:      layout_basic, lemuel_doored_altar, hangedman_decor_clover_reticule,
          minmay_misc_feat_x, minmay_unequal
D:5:      layout_rooms, hangedman_ru_absence

Skill      XL: |  1  2  3  4  5 |
---------------+----------------+-----
Fighting       | 3 |  3.9
Maces & Flails | 1 2 3 |  3.2
Throwing       | 1 2 |  2.0
Dodging        | |  2.4
Stealth        | |  1.0
Unarmed Combat | |  3.0

Action                   |  1- 3 |  4- 6 || total
-------------------------+-------+-------++-------
Melee: Unarmed           |   117 |    61 ||   178
       Punch             |     3 |     1 ||     4
  Use: Potion            |       |     1 ||     1
 Stab: Sleeping          |     2 |     2 ||     4
Armor: Robe              |    65 |    13 ||    78
Dodge: Dodged            |    68 |    23 ||    91

Table legend: (Time is in decaauts)
 A = Elapsed time spent in this place.
 B = Non-inter-level travel time spent in this place.
 C = Inter-level travel time spent in this place.
 D = Time resting spent in this place.
 E = Time spent auto-exploring this place.
 F = Levels seen in this place.
 G = Mean time per level.
                   A        B        C        D        E       F      G
               +--------+--------+--------+--------+--------+-----+--------+
         Total |   1501 |   1454 |     47 |     17 |   1074 |   4 |  375.2 |
       Dungeon |   1501 |   1454 |     47 |     17 |   1074 |   4 |  375.2 |
               +--------+--------+--------+--------+--------+-----+--------+

Top non-repeatable levels by time:
     D:1: 601 daAuts
     D:2: 470 daAuts
     D:3: 350 daAuts
     D:5: 78 daAuts
